| TOP OF THE 1ST |
|
Minnesota Twins batting - Pitching for Detroit Tigers : LHP Josh Thorpe
|
|
Pitching: LHP Josh Thorpe
|
|
|
Batting: LHB Peer Derks
|
0-0: Swinging Strike 0-1: Ball 1-1: Ball 2-1: Called Strike 2-2: Foul Ball, location: 2F 2-2: Foul Ball, location: 2F 2-2: Strikes out swinging
|
|
Batting: RHB Will Leslie
|
0-0: Called Strike 0-1: Swinging Strike 0-2: Ball 1-2: Strikes out swinging
|
|
Batting: RHB Miguel Diaz
|
0-0: Ball 1-0: Ball 2-0: Fly out, F9 (Flyball, 9, EV 89.4 MPH)
|
| Top of the 1st over - 0 runs, 0 hits, 0 errors, 0 left on base; Minnesota 0 - Detroit 0 |
| BOTTOM OF THE 1ST |
|
Detroit Tigers batting - Pitching for Minnesota Twins : RHP Ted Mosley
|
|
Pitching: RHP Ted Mosley
|
|
|
Batting: LHB Bill Ford
|
0-0: Ball 1-0: Ground out 6-3 (Groundball, 6M, EV 105.6 MPH)
|
|
Batting: SHB Ross Holland
|
0-0: Fly out, F8 (Flyball, 8LM, EV 83.8 MPH)
|
|
Batting: RHB Victor Quinones
|
0-0: Called Strike 0-1: Ball 1-1: Called Strike 1-2: Ground out 4-3 (Groundball, 4, EV 78.8 MPH)
|
| Bottom of the 1st over - 0 runs, 0 hits, 0 errors, 0 left on base; Minnesota 0 - Detroit 0 |
| TOP OF THE 2ND |
|
Minnesota Twins batting - Pitching for Detroit Tigers : LHP Josh Thorpe
|
|
Batting: RHB Miguel Gonzalez
|
0-0: Called Strike 0-1: Foul Ball, location: 2F 0-2: Ball 1-2: Ground out 6-3 (Groundball, 6, EV 86.9 MPH)
|
|
Batting: LHB Ryan Flynn Jr.
|
0-0: Ball 1-0: Foul Ball, location: 2F 1-1: Called Strike 1-2: Strikes out swinging
|
|
Batting: RHB Alex Rodriguez Jr.
|
0-0: Ball 1-0: Ball 2-0: Foul Ball, location: 2F 2-1: Ball 3-1: Swinging Strike 3-2: Base on Balls
|
|
Batting: LHB Harris Vink
|
0-0: Ball Passed Ball! Alex Rodriguez Jr. to second 1-0: Ball 2-0: Swinging Strike 2-1: Ground out 4-3 (Groundball, 4, EV 87.5 MPH)
|
| Top of the 2nd over - 0 runs, 0 hits, 0 errors, 1 left on base; Minnesota 0 - Detroit 0 |
| BOTTOM OF THE 2ND |
|
Detroit Tigers batting - Pitching for Minnesota Twins : RHP Ted Mosley
|
|
Batting: LHB Conrad Taylor
|
0-0: Swinging Strike 0-1: Called Strike 0-2: Foul Ball, location: 2F 0-2: Foul Ball, location: 2F 0-2: Ball 1-2: Ground out 4-3 (Groundball, 4, EV 78.1 MPH)
|
|
Batting: LHB Frank McConnell
|
0-0: SINGLE (Groundball, 3D, EV 107.5 MPH)
|
|
Batting: RHB Chris Wheatley
|
0-0: Called Strike 0-1: Foul Ball, location: 2F 0-2: Ground out 5-3 (Groundball, 56, EV 96.9 MPH) Frank McConnell to second
|
|
Batting: RHB Brady Jeleniewski
|
0-0: Swinging Strike 0-1: Foul Ball, location: 2F 0-2: Ball 1-2: Ball 2-2: Ball 3-2: Base on Balls
|
|
Batting: SHB Adam Weber
|
0-0: 3-RUN HOME RUN (Flyball, 9D, EV 96.9 MPH), Distance : 384 ft
|
|
Batting: RHB Dan Friess
|
0-0: Ball 1-0: Called Strike 1-1: Swinging Strike 1-2: Ball 2-2: Ground out 3-1 (Groundball, 34S, EV 85.6 MPH)
|
| Bottom of the 2nd over - 3 runs, 2 hits, 0 errors, 0 left on base; Minnesota 0 - Detroit 3 |
| TOP OF THE 3RD |
|
Minnesota Twins batting - Pitching for Detroit Tigers : LHP Josh Thorpe
|
|
Batting: RHB Alex Sandoval
|
0-0: Foul Ball, location: 2F 0-1: Called Strike 0-2: Ball 1-2: Strikes out swinging
|
|
Batting: RHB John Creel
|
0-0: Ball 1-0: Ball 2-0: Called Strike 2-1: Ball 3-1: Foul Ball, location: 2F 3-2: Foul Ball, location: 2F 3-2: Strikes out swinging
|
|
Batting: LHB Peer Derks
|
0-0: Ball 1-0: Ball 2-0: Ball 3-0: Called Strike 3-1: Called Strike 3-2: Ground out 5-3 (Groundball, 56, EV 86.2 MPH)
|
| Top of the 3rd over - 0 runs, 0 hits, 0 errors, 0 left on base; Minnesota 0 - Detroit 3 |
| BOTTOM OF THE 3RD |
|
Detroit Tigers batting - Pitching for Minnesota Twins : RHP Ted Mosley
|
|
Batting: LHB Bill Ford
|
0-0: Ball 1-0: Foul Ball, location: 2F 1-1: Foul Ball, location: 2F 1-2: Ground out 4-3 (Groundball, 4, EV 96.2 MPH)
|
|
Batting: SHB Ross Holland
|
0-0: Called Strike 0-1: Foul Ball, location: 2F 0-2: Ground out 1-3 (Groundball, 23, EV 71.9 MPH)
|
|
Batting: RHB Victor Quinones
|
0-0: Called Strike 0-1: Fly out, F9 (Line Drive, 89M, EV 88.1 MPH)
|
| Bottom of the 3rd over - 0 runs, 0 hits, 0 errors, 0 left on base; Minnesota 0 - Detroit 3 |
| TOP OF THE 4TH |
|
Minnesota Twins batting - Pitching for Detroit Tigers : LHP Josh Thorpe
|
|
Batting: RHB Will Leslie
|
0-0: Swinging Strike 0-1: Foul Ball, location: 2F 0-2: Strikes out swinging
|
|
Batting: RHB Miguel Diaz
|
0-0: Ball 1-0: Swinging Strike 1-1: Called Strike 1-2: Foul Ball, location: 2F 1-2: Ball 2-2: Ground out U3 (Groundball, 3L, EV 100.6 MPH)
|
|
Batting: RHB Miguel Gonzalez
|
0-0: Ball 1-0: Ball 2-0: Ball 3-0: Base on Balls
|
|
Batting: LHB Ryan Flynn Jr.
|
0-0: Ball 1-0: Ball 2-0: Swinging Strike 2-1: Foul Ball, location: 2F 2-2: Ball 3-2: Fly out, F1 (Popup, P, EV 81.9 MPH)
|
| Top of the 4th over - 0 runs, 0 hits, 0 errors, 1 left on base; Minnesota 0 - Detroit 3 |
| BOTTOM OF THE 4TH |
|
Detroit Tigers batting - Pitching for Minnesota Twins : RHP Ted Mosley
|
|
Batting: LHB Conrad Taylor
|
0-0: Ball 1-0: Foul Ball, location: 2F 1-1: Swinging Strike 1-2: Strikes out swinging
|
|
Batting: LHB Frank McConnell
|
0-0: Foul Ball, location: 2F 0-1: Swinging Strike 0-2: Strikes out looking
|
|
Batting: RHB Chris Wheatley
|
0-0: Ball 1-0: SINGLE (Line Drive, 8LS, EV 101.2 MPH)
|
|
Batting: RHB Brady Jeleniewski
|
0-0: Foul Ball, location: 2F 0-1: Swinging Strike 0-2: Ball 1-2: Fly out, F7 (Flyball, 7D, EV 88.1 MPH)
|
| Bottom of the 4th over - 0 runs, 1 hit, 0 errors, 1 left on base; Minnesota 0 - Detroit 3 |
| TOP OF THE 5TH |
|
Minnesota Twins batting - Pitching for Detroit Tigers : LHP Josh Thorpe
|
|
Batting: RHB Alex Rodriguez Jr.
|
0-0: Ground out 6-3 (Groundball, 6, EV 86.9 MPH)
|
|
Batting: LHB Harris Vink
|
0-0: Ball 1-0: Swinging Strike 1-1: Ball 2-1: Ball 3-1: Fly out, F8 (Flyball, 89D, EV 92.5 MPH)
|
|
Batting: RHB Alex Sandoval
|
0-0: SINGLE (Line Drive, 4D, EV 108.1 MPH)
|
|
Batting: RHB John Creel
|
0-0: Ball 1-0: Called Strike 1-1: Ball 2-1: Foul Ball, location: 2F 2-2: Strikes out looking
|
| Top of the 5th over - 0 runs, 1 hit, 0 errors, 1 left on base; Minnesota 0 - Detroit 3 |
| BOTTOM OF THE 5TH |
|
Detroit Tigers batting - Pitching for Minnesota Twins : RHP Ted Mosley
|
|
Batting: SHB Adam Weber
|
0-0: Called Strike 0-1: Ball 1-1: Foul Ball, location: 2F 1-2: Foul Ball, location: 2F 1-2: Foul Ball, location: 2F 1-2: Ball 2-2: Ball 3-2: Foul Ball, location: 2F 3-2: SINGLE (Line Drive, 6D, EV 99.4 MPH)
|
|
Batting: RHB Dan Friess
|
0-0: Foul Ball, location: 2F 0-1: Ball 1-1: Ball 2-1: Ball 3-1: Foul Ball, location: 2F 3-2: Base on Balls Adam Weber to second
|
|
Batting: LHB Bill Ford
|
0-0: Called Strike 0-1: Ball 1-1: Ball 2-1: SINGLE (Groundball, 4MD, EV 104.4 MPH) Adam Weber to third Dan Friess to second
|
|
Batting: SHB Ross Holland
|
0-0: Ball 1-0: Ball 2-0: Called Strike 2-1: Ball 3-1: Base on Balls Adam Weber scores Dan Friess to third Bill Ford to second
|
|
Batting: RHB Victor Quinones
|
0-0: Ball 1-0: Called Strike 1-1: Foul Ball, location: 2F 1-2: Ball 2-2: Ball 3-2: TRIPLE (Flyball, 89XD, EV 96.9 MPH) Dan Friess scores Bill Ford scores Ross Holland scores
|
|
Pitching: RHP Gerbrand van de Bilt
|
|
|
Batting: LHB Conrad Taylor
|
0-0: Ball 1-0: Foul Ball, location: 2F 1-1: DOUBLE (Groundball, 5L, EV 103.8 MPH) Victor Quinones scores
|
|
Batting: LHB Frank McConnell
|
0-0: Ball 1-0: Foul Ball, location: 2F 1-1: Ball 2-1: DOUBLE (Line Drive, 89D, EV 101.2 MPH) Conrad Taylor scores
|
|
Batting: RHB Chris Wheatley
|
0-0: Ball 1-0: Ball 2-0: Swinging Strike 2-1: Foul Ball, location: 2F 2-2: Strikes out swinging
|
|
Batting: RHB Brady Jeleniewski
|
0-0: Ball 1-0: Ball 2-0: Called Strike 2-1: Ball 3-1: Base on Balls
|
|
Batting: SHB Adam Weber
|
0-0: Ball 1-0: Foul Ball, location: 2F 1-1: Called Strike 1-2: Foul Ball, location: 2F 1-2: Foul Ball, location: 2F 1-2: Foul Ball, location: 2F 1-2: Strikes out swinging
|
|
Batting: RHB Dan Friess
|
0-0: Ball 1-0: Ball 2-0: Foul Ball, location: 2F 2-1: Swinging Strike 2-2: Ball 3-2: Base on Balls Frank McConnell to third Brady Jeleniewski to second
|
|
Batting: LHB Bill Ford
|
0-0: Ball 1-0: Fly out, F8 (Line Drive, 78D, EV 98.1 MPH)
|
| Bottom of the 5th over - 6 runs, 5 hits, 0 errors, 3 left on base; Minnesota 0 - Detroit 9 |
| TOP OF THE 6TH |
|
Minnesota Twins batting - Pitching for Detroit Tigers : LHP Josh Thorpe
|
|
Batting: LHB Peer Derks
|
0-0: Ball 1-0: Ball 2-0: Called Strike 2-1: Foul Ball, location: 2F 2-2: Foul Ball, location: 2F 2-2: Fly out, F7 (Flyball, 7, EV 88.1 MPH)
|
|
Batting: RHB Will Leslie
|
0-0: SINGLE (Line Drive, 6MD, EV 102.5 MPH)
|
|
Batting: RHB Miguel Diaz
|
0-0: SINGLE (Groundball, 6S, EV 73.8 MPH) (infield hit) Will Leslie to second
|
|
Batting: RHB Miguel Gonzalez
|
0-0: Foul Ball, location: 2F 0-1: Fly out, F7 (Flyball, 7S, EV 76.2 MPH)
|
|
Batting: LHB Ryan Flynn Jr.
|
0-0: Ball 1-0: Ball 2-0: Ball 3-0: Base on Balls Will Leslie to third Miguel Diaz to second
|
|
Batting: RHB Alex Rodriguez Jr.
|
0-0: Foul Ball, location: 2F 0-1: Foul Ball, location: 2F 0-2: Ball 1-2: Foul Ball, location: 2F 1-2: SINGLE (Line Drive, 7S, EV 106.9 MPH) Will Leslie scores Miguel Diaz to third Ryan Flynn Jr. to second
|
|
Batting: LHB Harris Vink
|
0-0: Foul Ball, location: 2F 0-1: Foul Ball, location: 2F 0-2: Ball 1-2: SINGLE (Groundball, P, EV 90.0 MPH) (infield hit) Miguel Diaz scores Ryan Flynn Jr. to third Alex Rodriguez Jr. to second
|
|
Pitching: RHP Tony Kepp
|
|
|
Batting: RHB Alex Sandoval
|
0-0: Called Strike 0-1: Foul Ball, location: 2F 0-2: Foul Ball, location: 2F 0-2: Ball 1-2: Foul Ball, location: 2F 1-2: Strikes out swinging
|
| Top of the 6th over - 2 runs, 4 hits, 0 errors, 3 left on base; Minnesota 2 - Detroit 9 |
| BOTTOM OF THE 6TH |
|
Detroit Tigers batting - Pitching for Minnesota Twins : RHP Gerbrand van de Bilt
|
|
Batting: SHB Ross Holland
|
0-0: Foul Ball, location: 2F 0-1: Ball 1-1: SINGLE (Flyball, 8RS, EV 93.1 MPH)
|
|
Batting: RHB Victor Quinones
|
0-0: Called Strike 0-1: SINGLE (Line Drive, 78S, EV 108.8 MPH) Ross Holland to second
|
|
Batting: LHB Conrad Taylor
|
0-0: Called Strike 0-1: Ball 1-1: Foul Ball, location: 2F 1-2: Ball 2-2: Grounds into double play, 4-6-3 (Groundball, 4, EV 83.1 MPH) Ross Holland to third
|
|
Batting: LHB Frank McConnell
|
0-0: Ball 1-0: Ball 2-0: Called Strike 2-1: Ball 3-1: SINGLE (Groundball, 34D, EV 101.2 MPH) (infield hit) Ross Holland scores
|
|
Batting: RHB Chris Wheatley
|
0-0: Called Strike 0-1: Swinging Strike 0-2: Foul Ball, location: 2F 0-2: Ball 1-2: Ball 2-2: Ball 3-2: Foul Ball, location: 2F 3-2: Strikes out swinging
|
| Bottom of the 6th over - 1 run, 3 hits, 0 errors, 1 left on base; Minnesota 2 - Detroit 10 |
| TOP OF THE 7TH |
|
Minnesota Twins batting - Pitching for Detroit Tigers : RHP Tony Kepp
|
|
Batting: RHB John Creel
|
0-0: Ball 1-0: Ball 2-0: Foul Ball, location: 2F 2-1: Ball 3-1: Base on Balls
|
|
Batting: LHB Peer Derks
|
0-0: Called Strike 0-1: Foul Ball, location: 2F 0-2: Foul Ball, location: 2F 0-2: Strikes out looking
|
|
Batting: RHB Will Leslie
|
0-0: Foul Ball, location: 2F 0-1: Swinging Strike 0-2: Foul Ball, location: 2F 0-2: Strikes out looking
|
|
Batting: RHB Miguel Diaz
|
0-0: Ball 1-0: Foul Ball, location: 2F 1-1: Foul Ball, location: 2F 1-2: Ball John Creel steals 2nd base (no throw) 2-2: Fly out, F5 (Line Drive, 5L, EV 67.5 MPH)
|
| Top of the 7th over - 0 runs, 0 hits, 0 errors, 1 left on base; Minnesota 2 - Detroit 10 |
| BOTTOM OF THE 7TH |
|
Detroit Tigers batting - Pitching for Minnesota Twins : RHP Gerbrand van de Bilt
|
|
Batting: RHB Brady Jeleniewski
|
0-0: Called Strike 0-1: Called Strike 0-2: Ball 1-2: Foul Ball, location: 2F 1-2: Ball 2-2: Fly out, F7 (Flyball, 7LSF, EV 86.9 MPH)
|
|
Batting: SHB Adam Weber
|
0-0: Fly out, F8 (Flyball, 8LXD, EV 98.1 MPH)
|
|
Batting: RHB Dan Friess
|
0-0: SINGLE (Flyball, 4MD, EV 90.6 MPH) - OUT at second base trying to stretch hit.
|
| Bottom of the 7th over - 0 runs, 1 hit, 0 errors, 0 left on base; Minnesota 2 - Detroit 10 |
| TOP OF THE 8TH |
|
Minnesota Twins batting - Pitching for Detroit Tigers : RHP Tony Kepp
|
|
Batting: RHB Miguel Gonzalez
|
0-0: Ball 1-0: Called Strike 1-1: Ball 2-1: Ground out 5-3 (Groundball, 5L, EV 90.6 MPH)
|
|
Batting: LHB Ryan Flynn Jr.
|
0-0: Ball 1-0: Foul Ball, location: 2F 1-1: SINGLE (Line Drive, 5L, EV 95.0 MPH)
|
|
Batting: RHB Alex Rodriguez Jr.
|
0-0: Called Strike 0-1: Ball 1-1: Fly out, F7 (Flyball, 7, EV 84.4 MPH)
|
|
Batting: LHB Harris Vink
|
0-0: Ball 1-0: Swinging Strike 1-1: Called Strike 1-2: Fly out, F8 (Flyball, 78M, EV 90.0 MPH)
|
| Top of the 8th over - 0 runs, 1 hit, 0 errors, 1 left on base; Minnesota 2 - Detroit 10 |
| BOTTOM OF THE 8TH |
|
Detroit Tigers batting - Pitching for Minnesota Twins : RHP Gerbrand van de Bilt
|
|
Pitching: RHP Scott Shank
|
|
|
Batting: LHB Bill Ford
|
0-0: Called Strike 0-1: Ball 1-1: Ball 2-1: Foul Ball, location: 2F 2-2: Ball 3-2: Base on Balls
|
|
Batting: SHB Ross Holland
|
0-0: Swinging Strike 0-1: Swinging Strike 0-2: Ball 1-2: Foul Ball, location: 2F 1-2: Fly out, F7 (Flyball, 7S, EV 87.5 MPH)
|
|
Batting: RHB Victor Quinones
|
0-0: Ball 1-0: Swinging Strike 1-1: Fielders Choice at 2nd, 6-4 (Groundball, 6, EV 81.2 MPH)
|
|
Batting: LHB Conrad Taylor
|
0-0: Swinging Strike 0-1: Ball 1-1: Called Strike 1-2: Ball 2-2: Fly out, F7 (Line Drive, 7LM, EV 93.1 MPH)
|
| Bottom of the 8th over - 0 runs, 0 hits, 0 errors, 1 left on base; Minnesota 2 - Detroit 10 |
| TOP OF THE 9TH |
|
Minnesota Twins batting - Pitching for Detroit Tigers : RHP Tony Kepp
|
|
Batting: RHB Alex Sandoval
|
0-0: Called Strike 0-1: Swinging Strike 0-2: Ground out 5-3 (Groundball, 56S, EV 94.4 MPH)
|
|
Batting: RHB John Creel
|
0-0: Ball 1-0: Swinging Strike 1-1: Foul Ball, location: 2F 1-2: TRIPLE (Line Drive, 8RXD, EV 106.9 MPH)
|
|
Pitching: RHP Cameron Maxwell
|
|
|
Batting: LHB Peer Derks
|
0-0: Ball 1-0: Foul Ball, location: 2F 1-1: Foul Ball, location: 2F 1-2: Ball 2-2: Ground out 6-3 (Groundball, 6M, EV 103.8 MPH) John Creel scores
|
|
Batting: RHB Will Leslie
|
0-0: Foul Ball, location: 2F 0-1: Swinging Strike 0-2: Strikes out looking
|
| Top of the 9th over - 1 run, 1 hit, 0 errors, 0 left on base; Minnesota 3 - Detroit 10 |
|